 Dungeon Crawl Stone Soup version 0.22.0 (webtiles) character file.

221 Blackhawk the Shield-Bearer (level 6, 0/49 HPs)
             Began as a Formicid Fighter on Oct 25, 2018.
             Killed by nerve-wracking pain
             ... invoked by Grinder
              (3 damage)
             ... on level 3 of the Dungeon.
             The game lasted 00:06:35 (2659 turns).

Blackhawk the Shield-Bearer (Formicid Fighter)      Turns: 2659, Time: 00:06:35

Health: 0/49       AC:  7    Str: 23    XL:     6   Next: 18%
Magic:  6/6        EV:  8    Int:  7    God:
Gold:   264        SH: 10    Dex: 10    Spells: 5/5 levels left

rFire    . . .     SeeInvis +   a - +0 flail
rCold    . . .     Gourm    .   c - +0 shield
rNeg     . . .     Faith    .   b - +0 scale mail
rPois    .         Spirit   .   (helmet unavailable)
rElec    .         Reflect  .   (no cloak)
rCorr    .         Harm     .   (no gloves)
MR       .....                  (no boots)
Stlth    ..........             (no amulet)
HPRegen  0.16/turn              (no ring)
MPRegen  0.10/turn              (no ring)

@: no status effects
A: permanent stasis, dig shafts and tunnels, four strong arms, antennae 3
a: Dig, Shaft Self


You were on level 3 of the Dungeon.
You were not hungry.

You visited 1 branch of the dungeon, and saw 3 of its levels.

You collected 264 gold pieces.

Inventory:

Hand Weapons
 a - a +0 flail (weapon)
 q - a cursed +0 hunting sling
Missiles
 e - 130 stones (quivered)
 j - 15 sling bullets
Armour
 b - a +0 scale mail (worn)
 c - a +0 shield (worn)
 u - a +2 pair of gloves
Jewellery
 h - a cursed amulet of inaccuracy {unknown}
Wands
 p - a wand of scattershot (4)
Scrolls
 i - a scroll of blinking {unknown}
 l - 3 scrolls of identify {unknown}
 m - 2 scrolls of fear {unknown}
 n - a scroll of magic mapping {unknown}
 t - a scroll of random uselessness {unknown}
 v - a scroll of remove curse {unknown}
Potions
 d - a potion of might
 g - 4 potions of flight {unknown}
 k - 2 potions of lignification {unknown}
 r - a potion of resistance {unknown}
 s - a potion of curing {unknown}
Comestibles
 f - 8 rations
 o - a chunk of flesh


   Skills:
 + Level 4.5 Fighting
 + Level 3.4 Maces & Flails
 + Level 4.4 Armour
 + Level 4.9 Shields


You had 5 spell levels left.
You didn't know any spells.
Your spell library was empty.

Dungeon Overview and Level Annotations

Branches:
Dungeon (3/15)

Altars:
Sif Muna
Trog

Annotations:
D:3 Grinder


Innate Abilities, Weirdness & Mutations

You cannot be hasted, slowed, berserked, paralysed or teleported.
You can dig through walls and to a lower floor.
Your four strong arms can wield two-handed weapons with a shield.
You have a pair of large antennae on your head. (SInv)


Message History

Grinder is heavily wounded.
Grinder hits you!
* * * LOW HITPOINT WARNING * * *
You writhe in agony.
* * * LOW HITPOINT WARNING * * *
Grinder hits you but does no damage.
You sock Grinder!
Grinder is almost dead.
Grinder gestures at you. Pain shoots through your body!
* * * LOW HITPOINT WARNING * * *
Grinder closely misses you.
You hit Grinder but do no damage.
Grinder is almost dead.
You block Grinder's attack.
Your shield and scale mail prevent you from hitting Grinder.
Grinder is almost dead.
Grinder gestures at you. Pain shoots through your body!
You die...

#.##.# ###)####.#
#.##.######......#.#
...................#
...#.............### ########
..###.#####.####.# #.......
##.#..# #.####.####.# #.######
###.<.# #...........# #.# # ##[.#
######†###### #.# ####..#
#####@#########.#
......######....5.......##.#
.................######.##.#
..###)#.####.##### #.##.######
......#.# #)# #.##.#.....
#.###.#.# #.# #.##.#.####
#.#...#.####.# #.##.#.####
..#.#.#......# #...>......
......#......#############.#.####


You could see Grinder.

Vanquished Creatures
  An iguana (D:3)
  An orc wizard (D:3)
  7 adders
  An ooze (D:2)
  3 worms
  A dart slug (D:1)
  A leopard gecko (D:2)
  10 orcs (D:3)
  2 giant cockroaches
  13 goblins
  8 hobgoblins
  5 jackals (D:1)
  8 kobolds
  4 quokkas (D:3)
  9 bats
  5 frilled lizards
  3 rats
82 creatures vanquished.

Notes
Turn   | Place    | Note
-------+----------+-------------------------------------------
     0 | D:1      | Blackhawk the Formicid Fighter began the quest for the Orb.
     0 | D:1      | Reached XP level 1. HP: 18/18 MP: 1/1
   132 | D:1      | Reached XP level 2. HP: 24/24 MP: 2/2
   441 | D:1      | Reached XP level 3. HP: 27/29 MP: 3/3
  1044 | D:2      | Reached XP level 4. HP: 36/37 MP: 4/4
  1437 | D:2      | Found a faded altar of an unknown god.
  1556 | D:3      | Reached XP level 5. HP: 27/42 MP: 5/5
  1762 | D:3      | Found a deep blue altar of Sif Muna.
  2039 | D:3      | Reached XP level 6. HP: 39/49 MP: 6/6
  2262 | D:3      | Found a bloodstained altar of Trog.
  2647 | D:3      | Noticed Grinder
  2657 | D:3      | HP: 2/49 [Grinder/nerve-wracking pain (6)]
  2659 | D:3      | Killed from afar by Grinder

Skill      XL: |  1  2  3  4 |
---------------+-------------+-----
Shields        | 4 |  4.9
Fighting       | 4 |  4.5
Armour         | 4 |  4.4
Maces & Flails | 3 |  3.4

Action                   |  1- 3 |  4- 6 || total
-------------------------+-------+-------++-------
Melee: Flail             |   113 |   218 ||   331
 Abil: Dig               |     1 |     2 ||     3
  Eat: Chunk             |       |     7 ||     7
Armor: Scale mail        |    54 |    65 ||   119
Dodge: Dodged            |    33 |    68 ||   101
Block: Shield            |    56 |   118 ||   174
